 Dungeon Crawl Stone Soup version 0.31.0-1-g2c135a008e (webtiles) character file.

Game seed: 558406292579082613

91 qw the Shooter (level 4, -5/35 HPs)
             Began as a Djinni Hunter on Jan 24, 2024.
             Slain by a cerulean imp
             ... wielding a +1 spear
             ... summoned by Natasha
              (6 damage)
             ... on level 3 of the Dungeon.
             The game lasted 00:00:06 (1552 turns).

qw the Shooter (Djinni Hunter)                      Turns: 1552, Time: 00:00:06

Health: -5/35      AC:  5    Str: 10    XL:     4   Next: 88%
Gold:   179        EV: 10    Int: 10    God:
                   SH:  0    Dex: 17

rFire   + + .        a - +0 shortbow
rCold   x . .        (shield currently unavailable)
rNeg    . . .        e - +0 ring mail
rPois   inf          (helmet restricted)
rElec   .            (no cloak)
rCorr   .            (no gloves)
SInv    .            (boots unavailable)
Will    .....        (no amulet)
Stlth   +            (no ring)
HPRegen 1.05/turn    (no ring)
MPRegen 0.00/turn

%: infuse magic (-6 HP)
@: flying
A: sickness immunity, fire resistance 2, cold vulnerability 1, float, innate
caster, HP casting, extra vitality 1, horns 1, clumsy 1, regeneration 1
a: no special abilities


You were on level 3 of the Dungeon.
You visited 1 branch of the dungeon, and saw 3 of its levels.

You collected 179 gold pieces.


Innate Abilities, Weirdness & Mutations

You are immune to sickness and miasma.
You are immune to poison.
Your flesh is very heat resistant. (rF++)
You are vulnerable to cold. (rC-)
You float through the air rather than walking.
You learn spells naturally, not from books.
Your magical power is your life essence.
You have superior vitality. (+4 MHP)
You have a pair of small horns on your head.
You are clumsy. (Dex -2)
Your natural rate of healing is unusually fast.


   Skills:
 - Level 3.0 Fighting
 + Level 4.2 Ranged Weapons
 - Level 1.1 Armour
 - Level 2.1 Dodging
 - Level 0.7 Stealth


You knew the following spells:

 Your Spells              Type           Power      Damage    Failure   Level
a - Shock                 Conj/Air       0%         1d3       67%         1
Your spell library was empty.

Inventory:

Hand Weapons
 a - a +0 shortbow (weapon)
Armour
 e - a +0 ring mail (worn)
Scrolls
 d - a scroll of blinking {unknown}
Potions
 b - a potion of magic {unknown}
 c - a potion of heal wounds
 g - 3 potions of curing

Dungeon Overview and Level Annotations

Branches:
Dungeon (3/15)

Altars:
Elyvilon
Gozag

Annotations:
D:3 Natasha


Message History

Enter note:
1547 ||| RETREEEEATING.
Natasha attacks as she pursues you! Natasha claws you! x2
1548 ||| DRINKING 2 potions of heal wounds.
You feel much better. The cerulean imp misses you.
Natasha casts a spell.
The cerulean imp hits you but does no damage.
You shoot an arrow. The arrow barely misses Natasha.
The arrow hits the cerulean imp but does no damage.
Natasha casts a spell at you. The magic dart hits you.
The cerulean imp hits you but does no damage. x2
Natasha claws you. The cerulean imp completely misses you.
You shoot an arrow. The arrow closely misses Natasha.
The arrow hits the cerulean imp.
The cerulean imp is moderately wounded.
The cerulean imp hits you with a +1 spear.
Natasha casts a spell at you. The magic dart hits you.
The cerulean imp hits you from afar with a +1 spear.
The cerulean imp barely misses you. Natasha claws you but does no damage.
The cerulean imp hits you but does no damage.
The cerulean imp barely misses you.
You shoot an arrow. The arrow barely misses Natasha.
The arrow hits the cerulean imp.
The cerulean imp is severely wounded.
Natasha barely misses you.
The cerulean imp hits you but does no damage. x2
Natasha barely misses you.
The cerulean imp hits you from afar with a +1 spear.
You shoot an arrow. The arrow misses Natasha.
The arrow closely misses the cerulean imp. x2
You feel yourself speed up.
The cerulean imp hits you with a +1 spear.
Natasha claws you. The cerulean imp barely misses you.
The cerulean imp hits you but does no damage.
Natasha claws you.
The cerulean imp hits you from afar with a +1 spear.
You die...

## ## #####. ..
......#####.# #.5@h55#
#.####.####
###.#.......#
#...#.......#
#...#.......### #. #.
#...[..._......
#.##.#.##..##.......#.
#....#.##.. #.......#
##.#..#.#### #.......#


You could see Natasha and 3 cerulean imps.

Vanquished Creatures
  4 adders (D:2)
  A ribbon worm (D:2)
  10 endoplasms
  A giant cockroach (D:1)
  7 goblins
  A hobgoblin (D:3)
  4 jackals (D:1)
  2 quokkas
  6 ball pythons
  5 bats
  3 frilled lizards
  3 kobolds
  3 rats (D:2)
50 creatures vanquished.

Notes
Turn   | Place    | Note
-------+----------+-------------------------------------------
     0 | D:1      | qw the Djinni Hunter began the quest for the Orb.
     0 | D:1      | Reached XP level 1. HP: 18/18 MP: 0/0
     0 | D:1      | 0 ||| qw: Version: 0.3-a-136-gdd3b4e8
     0 | D:1      | 0 ||| qw: Game counter: 1244
     0 | D:1      | 0 ||| qw: Melee chars always use a shield: true
     0 | D:1      | 0 ||| qw: God list: Okawaru
     0 | D:1      | 0 ||| qw: Allow faded altars: false
     0 | D:1      | 0 ||| qw: Do Orc after clearing Dungeon:15 true
     0 | D:1      | 0 ||| qw: Do second Lair branch before Depths: true
     0 | D:1      | 0 ||| qw: Lair rune preference: random
     0 | D:1      | 0 ||| qw: Goals: Normal
     0 | D:1      | 0 ||| PLANNING D:1-11
   202 | D:1      | Reached XP level 2. HP: 23/23 MP: 0/0
   491 | D:1      | 491 ||| UPGRADING to +0 ring mail.
   501 | D:1      | 501 ||| DROPPING +0 leather armour.
   502 | D:1      | 502 ||| READING scroll labelled GEYSAXK FAHEJE.
   505 | D:1      | 505 ||| READING scroll labelled SOIFEU ALOSIPA.
   606 | D:1      | 606 ||| READING scroll labelled EKLOUBBYECO.
   606 | D:1      | 606 ||| IDENTIFYING red potion
   607 | D:1      | 607 ||| DRINKING 2 sedimented emerald potions.
   607 | D:1      | Gained mutation: Your muscles are strong. (Str +4, Int/Dex
                  | -1) [potion of mutation]
   607 | D:1      | Gained mutation: You are very vulnerable to cold. (rC--)
                  | [potion of mutation]
   608 | D:1      | 608 ||| DRINKING potion of mutation.
   608 | D:1      | Lost mutation: Your muscles are strong. (Str +4, Int/Dex
                  | -1) [potion of mutation]
   608 | D:1      | Lost mutation: You are very vulnerable to cold. (rC--)
                  | [potion of mutation]
   608 | D:1      | Gained mutation: You sometimes lose your temper in combat.
                  | [potion of mutation]
   609 | D:1      | 609 ||| DROPPING scroll of butterflies.
   635 | D:2      | 635 ||| DRINKING potion of mutation.
   635 | D:2      | Lost mutation: You sometimes lose your temper in combat.
                  | [potion of mutation]
   635 | D:2      | Gained mutation: You are agile. (Dex +4, Str/Int -1)
                  | [potion of mutation]
   635 | D:2      | Gained mutation: You possess an exceptional clarity of
                  | mind. [potion of mutation]
   653 | D:2      | Reached XP level 3. HP: 28/28 MP: 0/0
   653 | D:2      | Learned a level 1 spell: Shock
   679 | D:2      | Reached skill level 1 in Armour
   735 | D:2      | Reached skill level 4 in Ranged Weapons
   759 | D:2      | 759 ||| DRINKING potion of mutation.
   759 | D:2      | Lost mutation: You are agile. (Dex +4, Str/Int -1) [potion
                  | of mutation]
   759 | D:2      | Lost mutation: You possess an exceptional clarity of mind.
                  | [potion of mutation]
   759 | D:2      | Gained mutation: You are clumsy. (Dex -2) [potion of
                  | mutation]
   759 | D:2      | Gained mutation: You have a pair of small horns on your
                  | head. [potion of mutation]
   759 | D:2      | Gained mutation: Your natural rate of healing is unusually
                  | fast. [potion of mutation]
   885 | D:2      | Reached XP level 4. HP: 34/34 MP: 0/0
   947 | D:2      | 947 ||| FLEEEEING.
  1190 | D:2      | Reached skill level 3 in Fighting
  1253 | D:2      | Found a white marble altar of Elyvilon.
  1440 | D:2      | 1440 ||| READING scroll of identify.
  1440 | D:2      | 1440 ||| IDENTIFYING sedimented green potion
  1516 | D:3      | Found an opulent altar of Gozag.
  1538 | D:3      | Noticed Natasha
  1547 | D:3      | 1547 ||| RETREEEEATING.
  1547 | D:3      | HP: 4/35 [Natasha (7)]
  1548 | D:3      | 1548 ||| DRINKING 2 potions of heal wounds.
  1552 | D:3      | HP: 5/35 [Natasha (4)]
  1552 | D:3      | HP: 1/35 [Natasha (4)]
  1552 | D:3      | Slain by a cerulean imp

Levels and vault maps discovered:
D:1:      ncdulo_watergridlock, layout_loops_ring
D:2:      layout_basic, basic_altar
D:3:      layout_loops_cross, mainiacjoe_overflow_surrounded_room,
          nicolae_overflow_crystal_walls, uniq_natasha, uniq_crazy_yiuf_cottage

Skill      XL: |  1  2  3  4 |
---------------+-------------+-----
Armour         | 1 |  1.1
Ranged Weapons | 4 |  4.2
Fighting       | 3 |  3.0
Dodging        | |  2.1
Stealth        | |  0.7

Action                     |  1- 3 |  4- 6 || total
---------------------------+-------+-------++-------
   Fire: Shortbow          |    62 |    90 ||   152
    Use: Potion            |     4 |     1 ||     5
         Scroll            |     3 |     1 ||     4
 Armour: Leather armour    |     4 |       ||     4
         Ring mail         |     6 |    56 ||    62
  Dodge: Dodged            |    12 |    27 ||    39

Table legend:
 A = Non-vault XP
 B = Vault XP
 C = Vault XP percentage of total XP
 D = Non-vault monster count
 E = Vault monster count
 F = Vault count percentage of total count
                 A         B        C        D         E       F
            +---------+---------+-------+---------+---------+-------
      Total |     131 |       0 |   0.0 |      50 |       0 |   0.0
            +---------+---------+-------+---------+---------+-------
        D:1 |      26 |       0 |   0.0 |      15 |       0 |   0.0
        D:2 |      90 |       0 |   0.0 |      26 |       0 |   0.0
        D:3 |      15 |       0 |   0.0 |       9 |       0 |   0.0
            +---------+---------+-------+---------+---------+-------
